 Dungeon Crawl Stone Soup version 0.31.0-9-g3a7656b989 (webtiles) character file.

Game seed: 929881990288206976

512 qw the Shooter (level 6, -1/32 HPs)
             Began as a Spriggan Hunter on Feb 2, 2024.
             Slain by an ogre
             ... wielding a +0 giant club
              (16 damage)
             ... on level 5 of the Dungeon.
             The game lasted 00:00:14 (3580 turns).

qw the Shooter (Spriggan Hunter)                    Turns: 3580, Time: 00:00:14

Health: -1/32      AC:  2    Str:  7    XL:     6   Next: 99%
Magic:  7/7        EV: 21    Int: 10    God:
Gold:   189        SH:  0    Dex: 21    Spells: 5/5 levels left

rFire   . . .        a - +0 shortbow
rCold   . . .        (shield currently unavailable)
rNeg    . . .        c - +0 robe
rPois   .            (helmet restricted)
rElec   .            (no cloak)
rCorr   .            (gloves unavailable)
SInv    +            (boots unavailable)
Will    +....        (no amulet)
Stlth   ++           (no ring)
HPRegen 0.25/turn    (no ring)
MPRegen 0.10/turn

%: no passive effects
@: very quick
A: very small, no large weapons, unfitting armour, see invisible, speed 3
a: no special abilities


You were on level 5 of the Dungeon.
You visited 1 branch of the dungeon, and saw 5 of its levels.

You collected 189 gold pieces.


Innate Abilities, Weirdness & Mutations

You are very small and have problems with some larger weapons.
You are too small for most types of armour.
You have supernaturally acute eyesight. (SInv)
You cover ground extremely quickly. (Speed+++)


   Skills:
 - Level 2.6 Fighting
 + Level 6.8 Ranged Weapons
 - Level 6.0 Dodging
 - Level 1.5 Stealth


You had 5 spell levels left.
You didn't know any spells.
Your spell library was empty.

Inventory:

Hand Weapons
 a - a +0 shortbow (weapon)
Armour
 c - a +0 robe (worn)
Jewellery
 f - a ring of wizardry
 g - an amulet of magic regeneration
Scrolls
 b - a scroll of teleportation
 i - a scroll of fear {unknown}
Potions
 d - a potion of might {unknown}
 e - a potion of enlightenment
 h - a potion of heal wounds {unknown}

Dungeon Overview and Level Annotations

Branches:
Dungeon (5/15)
 Temple: D:4-7

Altars:
Makhleb
Xom

Annotations:
D:3 3 runed translucent doors, qw's ghost, amateur GrHu


Message History

Found 4 poisoned darts.
Found a stone staircase leading up.
Enter note:
Enter note: You now have 189 gold pieces (gained 6).
i - a scroll labelled ACHIMY WUDE
Found a chain mail.
An ogre comes into view. It is wielding a +0 giant club.
You shoot an arrow.
The arrow hits the ogre but does no damage.
The ogre shouts!
A scorpion comes into view.
You shoot an arrow. The arrow barely misses the ogre.
You shoot an arrow.
The arrow hits the ogre but does no damage.
You shoot an arrow. The arrow hits the ogre.
The ogre is lightly wounded.
You shoot an arrow. The arrow hits the ogre!
The ogre is moderately wounded.
You shoot an arrow.
The arrow hits the ogre but does no damage.
The ogre is moderately wounded.
The ogre completely misses you.
You shoot an arrow. The arrow hits the ogre!
The ogre is heavily wounded.
You shoot an arrow. The arrow hits the ogre.
The ogre is almost dead.
The ogre misses you.
You shoot an arrow.
The arrow hits the ogre but does no damage.
The ogre is almost dead.
The ogre hits you with a +0 giant club!!
Ouch! That really hurt!
You shoot an arrow. The arrow hits the ogre.
The ogre is almost dead.
You shoot an arrow. The arrow hits the ogre.
The ogre is almost dead.
The ogre hits you with a +0 giant club!
Ouch! That really hurt!
You die...

#.###..# ##.###
#.....## ##..#
#..##..# #..##
#(.###.# #.##
#..###.# #.#
#...##.# #.#
#...##.#######.#
##..##.........#
##@##...#######
#O##...#
#s###### ......#
#.# ...).... #.#
........ #.#
........ ...
......... ...
#.........
#.........


You could see an ogre and a scorpion.

Vanquished Creatures
  A water moccasin (D:5)
  An ogre (D:4)
  A kobold brigand (D:4)
  A scorpion (D:4)
  Natasha (twice) (D:4)
  An orc wizard (D:4)
  An adder (D:3)
  3 white imps (D:5)
  3 dart slugs
  2 ribbon worms
  10 orcs (D:4)
  4 endoplasms
  3 giant cockroaches
  5 goblins
  8 hobgoblins
  4 jackals (D:2)
  3 quokkas
  3 ball pythons
  5 bats
  4 frilled lizards
  5 kobolds
  7 rats
77 creatures vanquished.

Notes
Turn   | Place    | Note
-------+----------+-------------------------------------------
     0 | D:1      | qw the Spriggan Hunter began the quest for the Orb.
     0 | D:1      | Reached XP level 1. HP: 10/10 MP: 2/2
     0 | D:1      | 0 ||| qw: Version: 0.3-a-155-g5e7d8dd
     0 | D:1      | 0 ||| qw: Game counter: 51
     0 | D:1      | 0 ||| qw: Melee chars always use a shield: true
     0 | D:1      | 0 ||| qw: God list: Okawaru
     0 | D:1      | 0 ||| qw: Allow faded altars: false
     0 | D:1      | 0 ||| qw: Do Orc after clearing Dungeon:15 true
     0 | D:1      | 0 ||| qw: Do second Lair branch before Depths: true
     0 | D:1      | 0 ||| qw: Lair rune preference: random
     0 | D:1      | 0 ||| qw: Goals: Normal
     0 | D:1      | 0 ||| PLANNING D:1-11
    23 | D:1      | Reached skill level 3 in Dodging
   144 | D:1      | Reached XP level 2. HP: 14/14 MP: 3/3
   744 | D:1      | 744 ||| READING scroll labelled BOYQEYRUIM.
   744 | D:1      | 744 ||| IDENTIFYING smoky ruby potion
   745 | D:1      | 745 ||| READING scroll labelled VOMUENLOURUE.
   746 | D:1      | 746 ||| DROPPING scroll of butterflies.
   869 | D:2      | Reached XP level 3. HP: 18/18 MP: 4/4
  1658 | D:2      | 1658 ||| READING scroll of identify.
  1658 | D:2      | 1658 ||| IDENTIFYING sedimented orange potion
  1659 | D:2      | 1659 ||| READING scroll labelled HIZIGH HAHIAKAA.
  1662 | D:2      | 1662 ||| DROPPING potion of lignification.
  1731 | D:3      | HP: 4/18 [rat (2)]
  2010 | D:3      | Found a faded altar of an unknown god.
  2067 | D:3      | Found a runed translucent gate.
  2070 | D:3      | Found a runed translucent gate.
  2070 | D:3      | Found a runed translucent gate.
  2071 | D:3      | Noticed qw's ghost (amateur GrHu)
  2304 | D:3      | Reached XP level 4. HP: 15/22 MP: 5/5
  2438 | D:4      | Noticed an ogre
  2446 | D:4      | Killed an ogre
  2447 | D:4      | Reached skill level 6 in Dodging
  2447 | D:4      | Reached XP level 5. HP: 21/25 MP: 6/6
  2495 | D:4      | Found a shimmering altar of Xom.
  2584 | D:4      | 2584 ||| FLEEEEING.
  2585 | D:4      | 2585 ||| FLEEEEING.
  2587 | D:4      | 2587 ||| FLEEEEING.
  2588 | D:4      | 2588 ||| FLEEEEING.
  2589 | D:4      | 2589 ||| FLEEEEING.
  2590 | D:4      | 2590 ||| FLEEEEING.
  2591 | D:4      | 2591 ||| FLEEEEING.
  2592 | D:4      | 2592 ||| FLEEEEING.
  2593 | D:4      | 2593 ||| FLEEEEING.
  2594 | D:4      | 2594 ||| FLEEEEING.
  2600 | D:4      | 2600 ||| FLEEEEING.
  2601 | D:4      | 2601 ||| FLEEEEING.
  2602 | D:4      | 2602 ||| FLEEEEING.
  2603 | D:4      | 2603 ||| FLEEEEING.
  2604 | D:4      | 2604 ||| FLEEEEING.
  2605 | D:4      | 2605 ||| STAIRDANCE
  2626 | D:3      | 2626 ||| READING scroll labelled ICEHOG TOPS.
  2957 | D:4      | Noticed Natasha
  2965 | D:4      | Killed Natasha
  2966 | D:4      | Reached XP level 6. HP: 18/32 MP: 7/7
  3145 | D:4      | Found a burning altar of Makhleb.
  3207 | D:4      | Noticed Natasha
  3213 | D:4      | Killed Natasha
  3214 | D:4      | Reached skill level 6 in Ranged Weapons
  3250 | D:4      | 3250 ||| DROPPING ring of flight.
  3251 | D:4      | 3251 ||| READING scroll of identify.
  3251 | D:4      | 3251 ||| IDENTIFYING bubbling black potion
  3252 | D:4      | 3252 ||| DRINKING 2 puce potions.
  3253 | D:4      | 3253 ||| DROPPING potion of degeneration.
  3265 | D:5      | Entered Level 5 of the Dungeon
  3268 | D:5      | Identified the +1 mace of the Scorching Saviour {distort,
                  | Int+5}
  3407 | D:5      | Noticed a water moccasin
  3408 | D:5      | 3408 ||| DRINKING potion of haste.
  3420 | D:5      | Killed a water moccasin
  3580 | D:5      | Slain by an ogre

Levels and vault maps discovered:
D:1:      wander_arrival_peaceful_grave, layout_loops_ring,
          grunt_decor_resistance, chequers_serial_rivers_room_a
D:2:      layout_basic
D:3:      layout_basic, gammafunk_ghost_split,
          hellmonk_ecumenical_altar_heavens_door, amcnicky_mini_pool_small
D:4:      layout_basic, xom_teletrap_fun, lemuel_round_altar, uniq_natasha
D:5:      layout_rooms

Skill      XL: |  1  2  3  4  5  6 |
---------------+-------------------+-----
Dodging        | 3 4 6 |  6.0
Ranged Weapons | 5 6 |  6.8
Fighting       | 2 |  2.6
Stealth        | |  1.5

Action                     |  1- 3 |  4- 6 || total
---------------------------+-------+-------++-------
   Fire: Shortbow          |   148 |   132 ||   280
    Use: Scroll            |     4 |     2 ||     6
         Potion            |       |     2 ||     2
 Armour: Robe              |    24 |    21 ||    45
  Dodge: Dodged            |    58 |    53 ||   111

Table legend:
 A = Non-vault XP
 B = Vault XP
 C = Vault XP percentage of total XP
 D = Non-vault monster count
 E = Vault monster count
 F = Vault count percentage of total count
                 A         B        C        D         E       F
            +---------+---------+-------+---------+---------+-------
      Total |     696 |      36 |   4.9 |      76 |       1 |   1.3
            +---------+---------+-------+---------+---------+-------
        D:1 |      31 |       0 |   0.0 |      19 |       0 |   0.0
        D:2 |      37 |       0 |   0.0 |      21 |       0 |   0.0
        D:3 |      31 |       0 |   0.0 |      11 |       0 |   0.0
        D:4 |     413 |      36 |   8.0 |      21 |       1 |   4.5
        D:5 |     184 |       0 |   0.0 |       4 |       0 |   0.0
            +---------+---------+-------+---------+---------+-------
